 Dungeon Crawl Stone Soup version 0.32-a0-918-g0f22ef8d61 (webtiles) character file.

Game seed: 9840831795921563637

51 Videorelaxant888 the Ruffian (level 3, -1/1 (36) HPs)
             Began as a Troll Berserker on Apr 11, 2024.
             Was a Believer of Trog.
             Incinerated by a bombardier beetle (2 damage)
             ... with a burning spray
             ... on level 3 of the Dungeon.
             The game lasted 00:08:18 (1411 turns).

Videorelaxant888 the Ruffian (Troll Berserker)      Turns: 1411, Time: 00:08:18

HP:   -1/1 (36)     AC:  4    Str: 27    XL:     3   Next: 57%
MP:   2/2           EV:  9    Int:  3    God:    Trog [**....]
Gold: 149           SH:  0    Dex:  9    Spells: 2/2 levels left

rFire   . .          .
                       - Unarmed
rCold   . . .        (no shield)
rNeg    . . .        a - +0 animal skin
rPois   .            (helmet restricted)
rElec   .            q - scarf {+Inv}
rCorr   .            (gloves unavailable)
SInv    .            (boots unavailable)
Will    .....        (no amulet)
Stlth   +            (no ring)
HPRegen 1.00/turn    (no ring)
MPRegen 0.08/turn

%: no passive effects
@: on fire, glowing, extremely drained
A: large, unfitting armour, claws 3, regeneration 1, shaggy fur 1, tough skin 1
a: Renounce Religion, Evoke Invisibility, Berserk, Trog's Hand


You were on level 3 of the Dungeon.
You worshipped Trog.
Trog was pleased with you.
You visited 1 branch of the dungeon, and saw 4 of its levels.

You collected 149 gold pieces.

Inventory:

Armour
 a - a +0 animal skin (worn)
 q - a scarf of invisibility (worn)
Scrolls
 b - a scroll of torment {unknown}
 d - a scroll of enchant weapon {unknown}
 e - a scroll of teleportation {unknown}
 f - a scroll of enchant armour {unknown}
 g - a scroll of poison {unknown}
Potions
 c - a potion of curing {unknown}
 i - a potion of enlightenment {unknown}


   Skills:
 + Level 2.8 Fighting
 + Level 3.0 Dodging
 + Level 3.7 Unarmed Combat


You had 2 spell levels left.
You didn't know any spells.
Your spell library was empty.

Dungeon Overview and Level Annotations

Branches:
Dungeon (4/15) Zot: 22594
 Temple: D:4-7

Altars:


Innate Abilities, Weirdness & Mutations

You are too large for most types of armour.
You have claws for hands.
Your natural rate of healing is unusually fast.
You are covered in fur. (AC +1)
You have tough skin. (AC +1)


Message History

You climb downwards.
There is a stone staircase leading up here.
You now have 149 gold pieces (gained 7).
There is a stone staircase leading up here.
Found a stone staircase leading down.
A ball python comes into view.
Found 7 stones.
You claw the ball python!
You kill the ball python!
Trog accepts your kill.
You see here a ball python corpse.
A bombardier beetle comes into view.
You see here a ball python corpse.
There is a stone staircase leading down here.
You climb downwards.
There is a stone staircase leading up here.
You climb upwards.
There is a stone staircase leading down here.
You see here a ball python corpse.
An endoplasm comes into view.
The endoplasm quivers.
Found a stone staircase leading up.
The bombardier beetle closely misses you.
You scratch the bombardier beetle.
The bombardier beetle is lightly wounded.
You claw the bombardier beetle!
The bombardier beetle is severely wounded.
The bombardier beetle bites you but does no damage.
You scratch the bombardier beetle.
The bombardier beetle is almost dead.
You barely miss the bombardier beetle.
The bombardier beetle is almost dead.
The bombardier beetle sprays incendiary fluid at you.
The burning spray hits you.
You are covered in liquid fire!
You scratch the bombardier beetle.
The bombardier beetle is almost dead.
The liquid fire burns you!
Ouch! That really hurt!
You die...

#.< #.. ... #.# #.#
#J# #B######..
.#####@........
#........#######
..........#
#####.###.#######.#
### #. #†.>..(...#
..# #
#.###.########.
#.##.# #.....#####
####....#
###..........
.....# #.#########


You could see a bombardier beetle and an endoplasm.

Vanquished Creatures
  An adder (D:2)
  A dart slug (D:2)
  A ribbon worm (D:2)
  3 ball pythons
  3 endoplasms
  5 giant cockroaches
  3 hobgoblins
  7 bats
  A frilled lizard (D:1)
  4 goblins (D:1)
  3 kobolds
  4 rats
36 creatures vanquished.

Vanquished Creatures (others)
  A rat (D:2)
1 creature vanquished.

Grand Total: 37 creatures vanquished

Notes
Turn   | Place    | Note
-------+----------+-------------------------------------------
     0 | D:1      | Videorelaxant888 the Troll Berserker began the quest for
                  | the Orb.
     0 | D:1      | Reached XP level 1. HP: 22/22 MP: 0/0
   160 | D:1      | Reached XP level 2. HP: 29/29 MP: 1/1
  1029 | D:2      | Reached XP level 3. HP: 35/36 MP: 2/2
  1107 | D:2      | Reached ** piety under Trog
  1411 | D:3      | Incinerated by a bombardier beetle

Illustrated notes

Levels and vault maps discovered:
D:1:      minmay_arrival_open_corners, layout_basic
D:2:      layout_rooms
D:3:      layout_loops_ring, hellmonk_ecumenical_altar_crossroads,
          minmay_ogre_servants
D:4:      layout_basic, nicolae_ru_great_annihilating_truth,
          mainiacjoe_overflow_tiny_flanked

Skill      XL: |  1  2 |
---------------+-------+-----
Dodging        | 3 |  3.0
Fighting       | |  2.8
Unarmed Combat | |  3.7

Action                     || total
---------------------------++-------
  Melee: Unarmed           ||    87
Ability: Evoke Invisibilit ||     1
 Armour: Animal skin       ||    85
  Dodge: Dodged            ||    59

Table legend: (Time is in decaauts)
 A = Elapsed time spent in this place.
 B = Non-inter-level travel time spent in this place.
 C = Inter-level travel time spent in this place.
 D = Time resting spent in this place.
 E = Time spent auto-exploring this place.
 F = Levels seen in this place.
 G = Mean time per level.
                   A        B        C        D        E       F      G
               +--------+--------+--------+--------+--------+-----+--------+
         Total |   1405 |   1405 |      0 |      0 |    289 |   4 |  351.2 |
       Dungeon |   1405 |   1405 |      0 |      0 |    289 |   4 |  351.2 |
               +--------+--------+--------+--------+--------+-----+--------+

Top non-repeatable levels by time:
     D:1: 978 daAuts
     D:2: 362 daAuts
     D:3: 62 daAuts
     D:4: 1 daAuts
